Washington Capitals vs Pittsburgh Penguins
Created - Tuesday, August 29, 2023 at 08:01
Goals
|
| Washington Capitals |
1 |
3 |
1 |
5 |
| Pittsburgh Penguins |
2 |
1 |
0 |
3 |
|
Shots
|
| Washington Capitals |
12 |
9 |
7 |
28 |
| Pittsburgh Penguins |
11 |
7 |
7 |
25 |
|
1st period
1. Pittsburgh Penguins , Sam Reinhart 3 (Pavel Buchnevich 2) at 3:18
2. Washington Capitals , Brad Marchand 5 (Nico Hischier 5, Erik Cernak 1) at 6:33
3. Pittsburgh Penguins , Anders Lee 1 (Sam Reinhart 3, Jean-Gabriel Pageau 2) at 10:31 (PP)
Penalties :
David Savard (WSH) for Roughing (Minor) at 9:53, Alex Ovechkin (WSH) for Hooking (Minor) at 12:05
2nd period
4. Washington Capitals , Cody Glass 1 (Jordan Kyrou 3, Dylan DeMelo 3) at 10:03
5. Pittsburgh Penguins , Gabriel Vilardi 2 (Tom Wilson 3, Jordan Eberle 2) at 12:43
6. Washington Capitals , Drake Batherson 1 (Owen Tippett 1) at 17:03
7. Washington Capitals , Alex Ovechkin 4 (Brayden Point 7, Jason Robertson 6) at 17:17
Penalties :
Leon Draisaitl (PIT) for High sticking (Minor) at 2:40, J.J. Moser (PIT) for Interference (Minor) at 17:26
3rd period
8. Washington Capitals , Owen Tippett 1 (Brayden Point 8) at 19:25 (Empty Net)
Penalties :
David Savard (WSH) for Tripping (Minor) at 12:38, Tom Wilson (PIT) for Slashing (Minor) at 15:21, David Savard (WSH) for Holding (Minor) at 19:42
Goalie Stats
Jake Oettinger (WSH), 22 saves from 25 shots - (0.880), W, 5-0-1, 60:00 minutes
Marc-Andre Fleury (PIT), 23 saves from 27 shots - (0.852), L, 2-3-1, 59:30 minutes
Players Stats for Washington Capitals
Player Name G A P +/- PIM S H SB GA TA FO MP PP MP PK MP
------------------------------------------------------------------------------------
Alex Ovechkin 1 0 1 0 2 1 2 0 3 0 0/0 20:05 3:22 0:00
Brad Marchand 1 0 1 1 0 2 0 1 1 0 0/0 16:08 0:00 3:00
Brayden Point 0 2 2 1 0 1 2 0 0 1 15/27 20:25 3:22 0:11
Cody Glass 1 0 1 1 0 4 1 0 0 0 2/4 12:47 2:35 0:00
David Savard 0 0 0 0 6 3 1 2 0 0 0/0 18:46 0:00 1:00
Dominik Kubalik 0 0 0 2 0 0 2 0 0 0 1/1 12:22 0:00 1:07
Drake Batherson 1 0 1 0 0 2 0 0 2 0 0/0 10:53 2:35 0:00
Dylan DeMelo 0 1 1 2 0 0 1 2 0 1 0/0 21:14 3:36 0:59
Erik Cernak 0 1 1 2 0 1 0 2 0 1 0/0 23:28 2:21 3:10
Ian Cole 0 0 0 1 0 1 3 0 1 1 0/0 17:41 0:00 3:11
Isac Lundestrom 0 0 0 0 0 0 1 0 0 2 3/6 10:08 0:00 1:36
Jason Robertson 0 1 1 0 0 4 1 1 0 1 0/2 19:32 3:12 0:00
John Carlson 0 0 0 0 0 3 1 0 0 0 0/0 21:22 3:36 0:43
Jordan Kyrou 0 1 1 1 0 2 0 1 0 0 0/2 13:07 2:35 0:00
Nick Jensen 0 0 0 1 0 0 1 0 0 1 0/0 17:32 2:21 0:43
Nico Hischier 0 1 1 1 0 0 1 1 1 0 6/11 16:11 0:00 3:00
Owen Tippett 1 1 2 1 0 2 2 1 0 1 0/0 10:11 0:10 0:52
Patrick Kane 0 0 0 1 0 2 1 0 0 0 0/0 13:11 0:00 0:00
Players Stats for Pittsburgh Penguins
Player Name G A P +/- PIM S H SB GA TA FO MP PP MP PK MP
------------------------------------------------------------------------------------
Anders Lee 1 0 1 0 0 1 2 0 1 0 0/1 14:22 2:18 0:16
Brian Dumoulin 0 0 0 -1 0 1 0 3 1 1 0/0 21:10 2:21 2:45
Colton Sissons 0 0 0 1 0 0 0 0 0 1 1/4 11:53 0:00 2:38
Erik Gudbranson 0 0 0 -1 0 4 0 0 0 0 0/0 18:10 0:00 3:12
Erik Karlsson 0 0 0 -1 0 0 0 1 0 1 0/0 20:40 2:32 0:00
Gabriel Vilardi 1 0 1 1 0 3 0 0 1 1 0/0 9:15 0:00 0:00
J.J. Moser 0 0 0 -1 2 0 1 1 0 0 0/0 17:43 0:00 2:12
Jean-Gabriel Pageau 0 1 1 -2 0 0 0 1 0 0 7/13 19:29 2:18 2:55
Jordan Eberle 0 1 1 0 0 0 0 0 1 0 0/0 11:37 0:00 0:00
Leon Draisaitl 0 0 0 -2 2 4 0 1 1 0 0/3 19:11 2:35 1:55
Mattias Ekholm 0 0 0 -1 0 0 1 1 0 1 0/0 23:25 2:21 3:11
Mitchell Marner 0 0 0 -3 0 1 0 0 1 0 0/2 17:16 2:35 0:00
Pavel Buchnevich 0 1 1 -2 0 2 1 1 1 0 1/3 17:17 2:35 1:14
Phillip Danault 0 0 0 -1 0 0 1 0 0 1 11/19 16:01 0:00 2:56
Ryan Johansen 0 0 0 0 0 0 3 1 0 0 3/5 11:37 0:00 0:00
Ryan Suter 0 0 0 -1 0 2 2 3 0 2 0/0 19:25 2:32 0:34
Sam Reinhart 1 1 2 -1 0 5 1 0 1 0 3/3 15:18 2:18 0:00
Tom Wilson 0 1 1 0 2 2 2 0 1 0 0/0 10:11 0:00 0:00
3 Stars
1 - Owen Tippett (WSH)
2 - Brayden Point (WSH)
3 - Cody Glass (WSH)
Power Play
Washington Capitals - 0 on 3 Attempt(s) - 0.00%
Pittsburgh Penguins - 1 on 4 Attempt(s) - 25.00%
Penalty Kill
Washington Capitals - 3 on 4 Attempt(s) - 75.00%
- Score 0 goal in Penalty Kill
Pittsburgh Penguins - 3 on 3 Attempt(s) - 100.00%
- Score 0 goal in Penalty Kill
Team Stat
Washington Capitals - Hits : 20 - Faceoff Wins : 27 - Blocked Shots : 11 - Penalty Minutes : 8
Pittsburgh Penguins - Hits : 14 - Faceoff Wins : 26 - Blocked Shots : 13 - Penalty Minutes : 6
Official
Referees : Frederick L'Ecuyer and Trevor Hanson
Linesman : Derek Amell and Lonnie Cameron
Game Notes
Owen Tippett has scored in a empty net!
Finance
Level 1 -- Attendance: 4593 (76.55%) -- Ticket Income $459,300
Level 2 -- Attendance: 3407 (68.14%) -- Ticket Income $204,420
Level 3 -- Attendance: 2235 (74.50%) -- Ticket Income $78,225
Level 4 -- Attendance: 3755 (75.10%) -- Ticket Income $93,875
Luxury Box -- Attendance: 741 (74.10%) -- Ticket Income $148,200
Game was played at the Consol Energy Center.
Total Attendance: 14731 (73.66%)
Total Ticket Income: $984,020
Other Income: $344,407
Total Income: $1,328,427
Washington Capitals
5 vs 5 Forward
Center Left Wing Right Wing Time % Phy DF OF
1 Brayden Point Alex Ovechkin Jason Robertson 40 1 2 2
2 Nico Hischier Brad Marchand Patrick Kane 30 1 2 2
3 Cody Glass Dominik Kubalik Jordan Kyrou 20 1 2 2
4 Isac Lundestrom Owen Tippett Drake Batherson 10 1 2 2
5 vs 5 Defense
Defense Defense Time % Phy DF OF
1 John Carlson David Savard 35 1 2 2
2 Erik Cernak Dylan DeMelo 35 1 2 2
3 Nick Jensen Ian Cole 30 1 2 2
4 John Carlson David Savard 0 1 2 2
PowerPlay Forward
Center Left Wing Right Wing Time % Phy DF OF
1 Brayden Point Alex Ovechkin Jason Robertson 60 1 2 2
2 Cody Glass Jordan Kyrou Drake Batherson 40 1 2 2
PowerPlay Defense
Defense Defense Time % Phy DF OF
1 John Carlson Dylan DeMelo 60 1 2 2
2 Nick Jensen Erik Cernak 40 1 2 2
Penalty Kill 4 Players Forward
Center Wing Time % Phy DF OF
1 Nico Hischier Brad Marchand 60 1 2 2
2 Isac Lundestrom Owen Tippett 40 1 2 2
Penalty Kill 4 Players Defense
Defense Defense Time % Phy DF OF
1 David Savard Ian Cole 60 1 2 2
2 Dylan DeMelo Erik Cernak 40 1 2 2
Penalty Kill - 3 Players Forward
Forward Time % Phy DF OF
1 Nico Hischier 60 1 2 2
2 Isac Lundestrom 40 1 2 2
Penalty Kill - 3 Players Defense
Defense Defense Time % Phy DF OF
1 David Savard Ian Cole 60 1 2 2
2 Dylan DeMelo Erik Cernak 40 1 2 2
4 vs 4 Forward
Center Wing Time % Phy DF OF
1 Brayden Point Alex Ovechkin 60 1 2 2
2 Nico Hischier Jason Robertson 40 1 2 2
4 vs 4 Defense
Defense Defense Time % Phy DF OF
1 John Carlson Dylan DeMelo 60 1 2 2
2 Erik Cernak Ian Cole 40 1 2 2
Last Minutes Offensive
Center Left Wing Right Wing Defense Defense
Brayden Point Alex Ovechkin Jason Robertson John Carlson Dylan DeMelo
Last Minutes Defensive
Center Left Wing Right Wing Defense Defense
Nico Hischier Brad Marchand Owen Tippett David Savard Ian Cole
Goaltenders
Starting : Jake Oettinger
Backup : Vitek Vanecek
Extra Forwards
Normal : Jordan Kyrou, Drake Batherson, Cody Glass - PP : Owen Tippett, Brayden Point - PK : Dominik Kubalik
Extra Defensemen
Normal : Dylan DeMelo, Nick Jensen, Ian Cole - PP : Dylan DeMelo - PK : Erik Cernak, David Savard
Penalty Shots
Jason Robertson, Drake Batherson, Cody Glass, Brayden Point, David Savard
Pittsburgh Penguins
5 vs 5 Forward
Center Left Wing Right Wing Time % Phy DF OF
1 Jean-Gabriel Pageau Leon Draisaitl Mitchell Marner 30 1 2 2
2 Phillip Danault Pavel Buchnevich Sam Reinhart 30 1 2 2
3 Ryan Johansen Anders Lee Jordan Eberle 25 1 2 2
4 Colton Sissons Gabriel Vilardi Tom Wilson 15 1 2 2
5 vs 5 Defense
Defense Defense Time % Phy DF OF
1 Erik Karlsson Mattias Ekholm 30 1 2 2
2 Ryan Suter Brian Dumoulin 30 1 2 2
3 Erik Gudbranson J.J. Moser 30 1 2 2
4 Erik Karlsson Mattias Ekholm 10 1 2 2
PowerPlay Forward
Center Left Wing Right Wing Time % Phy DF OF
1 Leon Draisaitl Pavel Buchnevich Mitchell Marner 50 0 2 3
2 Jean-Gabriel Pageau Anders Lee Sam Reinhart 50 1 2 2
PowerPlay Defense
Defense Defense Time % Phy DF OF
1 Erik Karlsson Ryan Suter 50 1 2 2
2 Mattias Ekholm Brian Dumoulin 50 1 2 2
Penalty Kill 4 Players Forward
Center Wing Time % Phy DF OF
1 Leon Draisaitl Phillip Danault 50 1 2 2
2 Jean-Gabriel Pageau Colton Sissons 50 1 2 2
Penalty Kill 4 Players Defense
Defense Defense Time % Phy DF OF
1 Mattias Ekholm Brian Dumoulin 50 1 2 2
2 Erik Gudbranson J.J. Moser 50 1 2 2
Penalty Kill - 3 Players Forward
Forward Time % Phy DF OF
1 Leon Draisaitl 50 1 2 2
2 Mitchell Marner 50 1 2 2
Penalty Kill - 3 Players Defense
Defense Defense Time % Phy DF OF
1 Erik Gudbranson J.J. Moser 50 1 2 2
2 Mattias Ekholm Brian Dumoulin 50 1 2 2
4 vs 4 Forward
Center Wing Time % Phy DF OF
1 Leon Draisaitl Mitchell Marner 50 1 2 2
2 Sam Reinhart Pavel Buchnevich 50 1 2 2
4 vs 4 Defense
Defense Defense Time % Phy DF OF
1 Erik Karlsson Ryan Suter 50 1 2 2
2 Mattias Ekholm Brian Dumoulin 50 1 2 2
Last Minutes Offensive
Center Left Wing Right Wing Defense Defense
Leon Draisaitl Pavel Buchnevich Mitchell Marner Erik Karlsson Mattias Ekholm
Last Minutes Defensive
Center Left Wing Right Wing Defense Defense
Leon Draisaitl Pavel Buchnevich Mitchell Marner Erik Karlsson Mattias Ekholm
Goaltenders
Starting : Marc-Andre Fleury
Backup : Akira Schmid
Extra Forwards
Normal : Tom Wilson, Gabriel Vilardi, Phillip Danault - PP : Tom Wilson, Gabriel Vilardi - PK : Phillip Danault
Extra Defensemen
Normal : Erik Gudbranson, J.J. Moser, Mattias Ekholm - PP : Erik Gudbranson - PK : J.J. Moser, Mattias Ekholm
Penalty Shots
Leon Draisaitl, Mitchell Marner, Sam Reinhart, Pavel Buchnevich, Jean-Gabriel Pageau
% Time on Ice - Washington Capitals
Lines # - Real PCT - Wanted PCT - Time Play
Normal Forward
1 - 34% - 40% - 16:20
2 - 29% - 30% - 14:07
3 - 21% - 20% - 10:04
4 - 17% - 10% - 8:02
Normal Defense
1 - 36% - 35% - 17:21
2 - 35% - 35% - 17:00
3 - 29% - 30% - 14:10
4 - 0% - 0% - 0:02
PP Forward
1 - 57% - 60% - 3:22
2 - 43% - 40% - 2:35
PP Defense
1 - 61% - 60% - 3:36
2 - 39% - 40% - 2:21
PK Forward
1 - 82% - 60% - 4:01
2 - 18% - 40% - 0:52
PK Defense
1 - 80% - 60% - 3:54
2 - 20% - 40% - 0:59
PK3 Forward
1 - 0% - 60%
2 - 0% - 40%
PK3 Defense
1 - 0% - 60%
2 - 0% - 40%
44 Forward
1 - 0% - 60%
2 - 0% - 40%
44 Defense
1 - 0% - 60%
2 - 0% - 40%
Last Minute Offensive - 0:00
Last Minute Defensive - 0:37
Total
Forward - 60:00
Defense - 60:00
|
% Time on Ice - Pittsburgh Penguins
Lines # - Real PCT - Wanted PCT - Time Play
Normal Forward
1 - 30% - 30% - 14:42
2 - 27% - 30% - 13:00
3 - 24% - 25% - 11:37
4 - 19% - 15% - 9:15
Normal Defense
1 - 30% - 30% - 14:23
2 - 31% - 30% - 15:16
3 - 30% - 30% - 14:36
4 - 9% - 10% - 4:19
PP Forward
1 - 53% - 50% - 2:35
2 - 47% - 50% - 2:18
PP Defense
1 - 52% - 50% - 2:32
2 - 48% - 50% - 2:21
PK Forward
1 - 54% - 50% - 3:12
2 - 46% - 50% - 2:45
PK Defense
1 - 46% - 50% - 2:45
2 - 54% - 50% - 3:12
PK3 Forward
1 - 0% - 50%
2 - 0% - 50%
PK3 Defense
1 - 0% - 50%
2 - 0% - 50%
44 Forward
1 - 0% - 50%
2 - 0% - 50%
44 Defense
1 - 0% - 50%
2 - 0% - 50%
Last Minute Offensive - 0:36
Last Minute Defensive - 0:00
Total
Forward - 60:00
Defense - 60:00
|
Play-by-Play
1st period
0:01 of 1st period - Jean-Gabriel Pageau wins face-off versus Brayden Point in neutral zone.
0:06 of 1st period - Wrist shot by Brayden Point.
0:06 of 1st period - Shot Misses the Net.
0:08 of 1st period - Slapshot by David Savard.
0:08 of 1st period - Stopped by Marc-Andre Fleury with a rebound.
0:10 of 1st period - Snap shot by Alex Ovechkin.
0:10 of 1st period - Shot Misses the Net.
0:26 of 1st period - Pavel Buchnevich is hit by Nico Hischier and loses puck.
0:49 of 1st period - Snap shot by Gabriel Vilardi.
0:49 of 1st period - Shot Blocked by Brad Marchand.
0:53 of 1st period - Wrist shot by Tom Wilson.
0:53 of 1st period - Stopped by Jake Oettinger with a rebound.
0:55 of 1st period - Backhand shot by Erik Gudbranson.
0:55 of 1st period - Shot Misses the Net.
0:57 of 1st period - Slapshot by Erik Gudbranson.
0:57 of 1st period - Shot Blocked by Nico Hischier.
0:59 of 1st period - Slapshot by Erik Gudbranson.
0:59 of 1st period - Stopped by Jake Oettinger without a rebound.
1:00 of 1st period - Cody Glass wins face-off versus Ryan Johansen in Washington Capitals zone.
1:13 of 1st period - Icing by Anders Lee.
1:14 of 1st period - Brayden Point wins face-off versus Anders Lee in Pittsburgh Penguins zone.
1:27 of 1st period - Wrist shot by Brayden Point.
1:27 of 1st period - Shot Misses the Net.
1:45 of 1st period - Wrist shot by Jordan Kyrou.
1:45 of 1st period - Shot Misses the Net.
1:47 of 1st period - Snap shot by Cody Glass.
1:47 of 1st period - Stopped by Marc-Andre Fleury without a rebound.
1:48 of 1st period - Jean-Gabriel Pageau wins face-off versus Cody Glass in Pittsburgh Penguins zone.
2:13 of 1st period - Slapshot by Cody Glass.
2:13 of 1st period - Deflect By Jordan Kyrou.
2:13 of 1st period - Stopped by Marc-Andre Fleury without a rebound.
2:14 of 1st period - Phillip Danault wins face-off versus Brayden Point in Pittsburgh Penguins zone.
2:41 of 1st period - Brayden Point is hit by Ryan Johansen and loses puck.
3:06 of 1st period - Wrist shot by Drake Batherson.
3:06 of 1st period - Shot Misses the Net.
3:08 of 1st period - Wrist shot by Ian Cole.
3:08 of 1st period - Stopped by Marc-Andre Fleury without a rebound.
3:09 of 1st period - Phillip Danault wins face-off versus Isac Lundestrom in Pittsburgh Penguins zone.
3:18 of 1st period - Wrist shot by Sam Reinhart.
3:18 of 1st period - Goal by Sam Reinhart - Washington Capitals : 0 - Pittsburgh Penguins : 1.
3:19 of 1st period - Nico Hischier wins face-off versus Jean-Gabriel Pageau in neutral zone.
3:28 of 1st period - Snap shot by Patrick Kane.
3:28 of 1st period - Stopped by Marc-Andre Fleury without a rebound.
3:29 of 1st period - Nico Hischier wins face-off versus Jean-Gabriel Pageau in Pittsburgh Penguins zone.
3:36 of 1st period - Slapshot by Nico Hischier.
3:36 of 1st period - Shot Misses the Net.
3:38 of 1st period - Slapshot by Erik Cernak.
3:38 of 1st period - Deflect By Erik Karlsson.
3:38 of 1st period - Stopped by Marc-Andre Fleury without a rebound.
3:39 of 1st period - Phillip Danault wins face-off versus Nico Hischier in Pittsburgh Penguins zone.
5:14 of 1st period - Dylan DeMelo is hit by Mattias Ekholm and loses puck.
5:25 of 1st period - Snap shot by Sam Reinhart.
5:25 of 1st period - Shot Misses the Net.
6:13 of 1st period - Leon Draisaitl is hit by Ian Cole and loses puck.
6:29 of 1st period - Wrist shot by Brad Marchand.
6:29 of 1st period - Shot Misses the Net.
6:31 of 1st period - Snap shot by Nico Hischier.
6:31 of 1st period - Shot Misses the Net.
6:33 of 1st period - Snap shot by Brad Marchand.
6:33 of 1st period - Goal by Brad Marchand - Washington Capitals : 1 - Pittsburgh Penguins : 1.
6:34 of 1st period - Phillip Danault wins face-off versus Brayden Point in neutral zone.
6:43 of 1st period - Slapshot by Phillip Danault.
6:43 of 1st period - Shot Misses the Net.
7:28 of 1st period - Snap shot by Jordan Kyrou.
7:28 of 1st period - Shot Blocked by Ryan Suter.
7:33 of 1st period - Off-side.
7:34 of 1st period - Isac Lundestrom wins face-off versus Phillip Danault in neutral zone.
7:43 of 1st period - Wrist shot by Owen Tippett.
7:43 of 1st period - Stopped by Marc-Andre Fleury with a rebound.
7:45 of 1st period - Slapshot by David Savard.
7:45 of 1st period - Stopped by Marc-Andre Fleury with a rebound.
7:47 of 1st period - Slapshot by John Carlson.
7:47 of 1st period - Stopped by Marc-Andre Fleury with a rebound.
8:55 of 1st period - Mattias Ekholm is hit by Owen Tippett and loses puck.
9:43 of 1st period - Snap shot by Patrick Kane.
9:43 of 1st period - Stopped by Marc-Andre Fleury without a rebound.
9:44 of 1st period - Phillip Danault wins face-off versus Brayden Point in Pittsburgh Penguins zone.
9:44 of 1st period - Phillip Danault is hit by Alex Ovechkin.
9:53 of 1st period - Minor Penalty to David Savard for Roughing.
9:54 of 1st period - Nico Hischier wins face-off versus Pavel Buchnevich in Washington Capitals zone.
10:31 of 1st period - Snap shot by Anders Lee.
10:31 of 1st period - Goal by Anders Lee - Washington Capitals : 1 - Pittsburgh Penguins : 2.
10:32 of 1st period - Phillip Danault wins face-off versus Brayden Point in neutral zone.
10:40 of 1st period - Snap shot by Sam Reinhart.
10:40 of 1st period - Shot Hit the Post.
10:42 of 1st period - Snap shot by Sam Reinhart.
10:42 of 1st period - Stopped by Jake Oettinger without a rebound.
10:43 of 1st period - Brayden Point wins face-off versus Jean-Gabriel Pageau in Washington Capitals zone.
11:55 of 1st period - Snap shot by Gabriel Vilardi.
11:55 of 1st period - Shot Misses the Net.
11:57 of 1st period - Wrist shot by Gabriel Vilardi.
11:57 of 1st period - Shot Misses the Net.
11:59 of 1st period - Slapshot by Ryan Suter.
11:59 of 1st period - Stopped by Jake Oettinger without a rebound.
12:00 of 1st period - Jean-Gabriel Pageau wins face-off versus Brayden Point in Washington Capitals zone.
12:01 of 1st period - Wrist shot by Leon Draisaitl.
12:01 of 1st period - Stopped by Jake Oettinger without a rebound.
12:02 of 1st period - Jean-Gabriel Pageau wins face-off versus Brayden Point in Washington Capitals zone.
12:03 of 1st period - Wrist shot by Leon Draisaitl.
12:03 of 1st period - Shot Misses the Net.
12:05 of 1st period - Minor Penalty to Alex Ovechkin for Hooking.
12:06 of 1st period - Sam Reinhart wins face-off versus Nico Hischier in Washington Capitals zone.
12:09 of 1st period - Snap shot by Sam Reinhart.
12:09 of 1st period - Shot Misses the Net.
13:38 of 1st period - Icing by Mattias Ekholm.
13:39 of 1st period - Dominik Kubalik wins face-off versus Leon Draisaitl in Pittsburgh Penguins zone.
14:05 of 1st period - Penalty to Alex Ovechkin is over, Alex Ovechkin is back on ice.
14:22 of 1st period - Wrist shot by Tom Wilson.
14:22 of 1st period - Stopped by Jake Oettinger with a rebound.
14:24 of 1st period - Slapshot by Colton Sissons.
14:24 of 1st period - Shot Misses the Net.
14:53 of 1st period - Off-side.
14:54 of 1st period - Brayden Point wins face-off versus Jean-Gabriel Pageau in neutral zone.
15:02 of 1st period - Icing by J.J. Moser.
15:03 of 1st period - Jean-Gabriel Pageau wins face-off versus Brayden Point in Pittsburgh Penguins zone.
15:14 of 1st period - Slapshot by Leon Draisaitl.
15:14 of 1st period - Stopped by Jake Oettinger with a rebound.
15:16 of 1st period - Slapshot by Erik Gudbranson.
15:16 of 1st period - Shot Blocked by David Savard.
15:18 of 1st period - Slapshot by J.J. Moser.
15:18 of 1st period - Shot Blocked by David Savard.
15:20 of 1st period - Slapshot by Erik Gudbranson.
15:20 of 1st period - Stopped by Jake Oettinger with a rebound.
15:57 of 1st period - Snap shot by Jason Robertson.
15:57 of 1st period - Stopped by Marc-Andre Fleury with a rebound.
18:03 of 1st period - Wrist shot by Leon Draisaitl.
18:03 of 1st period - Stopped by Jake Oettinger without a rebound.
18:04 of 1st period - Nico Hischier wins face-off versus Phillip Danault in Washington Capitals zone.
18:13 of 1st period - Slapshot by Brad Marchand.
18:13 of 1st period - Shot Blocked by Ryan Suter.
19:11 of 1st period - Dylan DeMelo is hit by Pavel Buchnevich and loses puck.
19:45 of 1st period - Off-side.
19:46 of 1st period - Colton Sissons wins face-off versus Cody Glass in neutral zone.
19:53 of 1st period - Colton Sissons is hit by Dominik Kubalik and loses puck.
Goals for this period are 1 for Washington Capitals vs 2 for Pittsburgh Penguins.
Shots for this period are 12 for Washington Capitals vs 11 for Pittsburgh Penguins.
2nd period
0:01 of 2nd period - Sam Reinhart wins face-off versus Jason Robertson in neutral zone.
0:10 of 2nd period - Icing by Sam Reinhart.
0:11 of 2nd period - Phillip Danault wins face-off versus Jason Robertson in Pittsburgh Penguins zone.
0:46 of 2nd period - Wrist shot by Brad Marchand.
0:46 of 2nd period - Shot Misses the Net.
1:06 of 2nd period - Snap shot by Drake Batherson.
1:06 of 2nd period - Stopped by Marc-Andre Fleury with a rebound.
1:09 of 2nd period - Icing by Colton Sissons.
1:10 of 2nd period - Isac Lundestrom wins face-off versus Colton Sissons in Pittsburgh Penguins zone.
1:11 of 2nd period - Wrist shot by Drake Batherson.
1:11 of 2nd period - Shot Misses the Net.
1:21 of 2nd period - Snap shot by Gabriel Vilardi.
1:21 of 2nd period - Shot Misses the Net.
1:23 of 2nd period - Wrist shot by Gabriel Vilardi.
1:23 of 2nd period - Stopped by Jake Oettinger without a rebound.
1:24 of 2nd period - Phillip Danault wins face-off versus Brayden Point in Washington Capitals zone.
1:33 of 2nd period - Snap shot by Sam Reinhart.
1:33 of 2nd period - Shot Misses the Net.
1:35 of 2nd period - Snap shot by Sam Reinhart.
1:35 of 2nd period - Stopped by Jake Oettinger with a rebound.
2:40 of 2nd period - Minor Penalty to Leon Draisaitl for High sticking.
2:41 of 2nd period - Brayden Point wins face-off versus Pavel Buchnevich in Pittsburgh Penguins zone.
2:41 of 2nd period - Wrist shot by Alex Ovechkin.
2:41 of 2nd period - Shot Blocked by Pavel Buchnevich.
2:43 of 2nd period - Wrist shot by Alex Ovechkin.
2:43 of 2nd period - Shot Misses the Net.
2:45 of 2nd period - Slapshot by John Carlson.
2:45 of 2nd period - Shot Blocked by J.J. Moser.
2:47 of 2nd period - Wrist shot by Jason Robertson.
2:47 of 2nd period - Stopped by Marc-Andre Fleury without a rebound.
2:48 of 2nd period - Pavel Buchnevich wins face-off versus Brayden Point in Pittsburgh Penguins zone.
2:48 of 2nd period - Pavel Buchnevich is hit by Dylan DeMelo.
3:30 of 2nd period - Slapshot by Pavel Buchnevich.
3:30 of 2nd period - Shot Misses the Net.
3:54 of 2nd period - J.J. Moser is hit by Brayden Point and loses puck.
4:05 of 2nd period - Nick Jensen is hit by J.J. Moser and loses puck.
4:40 of 2nd period - Penalty to Leon Draisaitl is over, Leon Draisaitl is back on ice.
4:52 of 2nd period - Nick Jensen is hit by Ryan Suter.
6:00 of 2nd period - Dylan DeMelo is hit by Tom Wilson.
6:25 of 2nd period - Snap shot by Sam Reinhart.
6:25 of 2nd period - Stopped by Jake Oettinger with a rebound.
6:27 of 2nd period - Wrist shot by Pavel Buchnevich.
6:27 of 2nd period - Shot Misses the Net.
6:37 of 2nd period - Erik Cernak is hit by Anders Lee.
7:41 of 2nd period - Jason Robertson is hit by Tom Wilson.
7:50 of 2nd period - Erik Karlsson is hit by John Carlson.
7:56 of 2nd period - Backhand shot by Leon Draisaitl.
7:56 of 2nd period - Stopped by Jake Oettinger without a rebound.
7:57 of 2nd period - Jean-Gabriel Pageau wins face-off versus Nico Hischier in Washington Capitals zone.
8:06 of 2nd period - Snap shot by Mitchell Marner.
8:06 of 2nd period - Shot Misses the Net.
8:08 of 2nd period - Snap shot by Leon Draisaitl.
8:08 of 2nd period - Shot Blocked by Dylan DeMelo.
8:10 of 2nd period - Slapshot by Brian Dumoulin.
8:10 of 2nd period - Stopped by Jake Oettinger with a rebound.
9:31 of 2nd period - Leon Draisaitl is hit by Brayden Point and loses puck.
10:03 of 2nd period - Slapshot by Cody Glass.
10:03 of 2nd period - Goal by Cody Glass - Washington Capitals : 2 - Pittsburgh Penguins : 2.
10:04 of 2nd period - Brayden Point wins face-off versus Phillip Danault in neutral zone.
10:07 of 2nd period - Slapshot by Jason Robertson.
10:07 of 2nd period - Shot Blocked by Ryan Suter.
10:44 of 2nd period - Wrist shot by Brad Marchand.
10:44 of 2nd period - Stopped by Marc-Andre Fleury with a rebound.
11:06 of 2nd period - Wrist shot by Jordan Kyrou.
11:06 of 2nd period - Shot Blocked by Leon Draisaitl.
11:08 of 2nd period - Wrist shot by Cody Glass.
11:08 of 2nd period - Stopped by Marc-Andre Fleury with a rebound.
11:10 of 2nd period - Snap shot by Jordan Kyrou.
11:10 of 2nd period - Shot Blocked by Erik Karlsson.
11:12 of 2nd period - Wrist shot by Jordan Kyrou.
11:12 of 2nd period - Shot Blocked by Jean-Gabriel Pageau.
11:27 of 2nd period - Erik Karlsson is hit by Isac Lundestrom and loses puck.
11:32 of 2nd period - Snap shot by Drake Batherson.
11:32 of 2nd period - Shot Misses the Net.
12:41 of 2nd period - Wrist shot by Tom Wilson.
12:41 of 2nd period - Shot Blocked by Jason Robertson.
12:43 of 2nd period - Wrist shot by Gabriel Vilardi.
12:43 of 2nd period - Goal by Gabriel Vilardi - Washington Capitals : 2 - Pittsburgh Penguins : 3.
12:44 of 2nd period - Brayden Point wins face-off versus Phillip Danault in neutral zone.
12:57 of 2nd period - Snap shot by Brayden Point.
12:57 of 2nd period - Stopped by Marc-Andre Fleury with a rebound.
13:41 of 2nd period - Off-side.
13:42 of 2nd period - Phillip Danault wins face-off versus Brayden Point in neutral zone.
14:09 of 2nd period - Nico Hischier is hit by Ryan Johansen and loses puck.
15:05 of 2nd period - Colton Sissons is hit by Owen Tippett and loses puck.
15:40 of 2nd period - Snap shot by Anders Lee.
15:40 of 2nd period - Shot Misses the Net.
15:42 of 2nd period - Slapshot by Ryan Suter.
15:42 of 2nd period - Stopped by Jake Oettinger with a rebound.
15:44 of 2nd period - Slapshot by Jordan Eberle.
15:44 of 2nd period - Deflect By Anders Lee.
15:44 of 2nd period - Shot Misses the Net.
15:44 of 2nd period - Puck is out of play.
15:45 of 2nd period - Ryan Johansen wins face-off versus Nico Hischier in Washington Capitals zone.
16:10 of 2nd period - Ryan Suter is hit by Alex Ovechkin and loses puck.
16:33 of 2nd period - Snap shot by Phillip Danault.
16:33 of 2nd period - Shot Blocked by Jordan Kyrou.
17:03 of 2nd period - Slapshot by Drake Batherson.
17:03 of 2nd period - Goal by Drake Batherson - Washington Capitals : 3 - Pittsburgh Penguins : 3.
17:04 of 2nd period - Brayden Point wins face-off versus Phillip Danault in neutral zone.
17:17 of 2nd period - Snap shot by Alex Ovechkin.
17:17 of 2nd period - Goal by Alex Ovechkin - Washington Capitals : 4 - Pittsburgh Penguins : 3.
17:18 of 2nd period - Brayden Point wins face-off versus Phillip Danault in neutral zone.
17:26 of 2nd period - Minor Penalty to J.J. Moser for Interference.
17:27 of 2nd period - Brayden Point wins face-off versus Jean-Gabriel Pageau in Pittsburgh Penguins zone.
17:39 of 2nd period - Wrist shot by Jason Robertson.
17:39 of 2nd period - Shot Blocked by Brian Dumoulin.
17:43 of 2nd period - Snap shot by Brayden Point.
17:43 of 2nd period - Shot Blocked by Brian Dumoulin.
17:59 of 2nd period - Snap shot by Cody Glass.
17:59 of 2nd period - Stopped by Marc-Andre Fleury without a rebound.
18:00 of 2nd period - Brayden Point wins face-off versus Leon Draisaitl in Pittsburgh Penguins zone.
18:25 of 2nd period - Erik Gudbranson is hit by Nick Jensen.
18:31 of 2nd period - Wrist shot by Colton Sissons.
18:31 of 2nd period - Shot Misses the Net.
18:47 of 2nd period - Jason Robertson is hit by Phillip Danault and loses puck.
19:26 of 2nd period - Penalty to J.J. Moser is over, J.J. Moser is back on ice.
19:59 of 2nd period - Snap shot by Leon Draisaitl.
19:59 of 2nd period - Shot Misses the Net.
Goals for this period are 3 for Washington Capitals vs 1 for Pittsburgh Penguins.
Shots for this period are 9 for Washington Capitals vs 7 for Pittsburgh Penguins.
3rd period
0:01 of 3rd period - Brayden Point wins face-off versus Phillip Danault in neutral zone.
0:12 of 3rd period - Snap shot by Jason Robertson.
0:12 of 3rd period - Stopped by Marc-Andre Fleury without a rebound.
0:13 of 3rd period - Brayden Point wins face-off versus Phillip Danault in Pittsburgh Penguins zone.
0:18 of 3rd period - Backhand shot by Brayden Point.
0:18 of 3rd period - Shot Misses the Net.
0:20 of 3rd period - Snap shot by Brayden Point.
0:20 of 3rd period - Shot Misses the Net.
0:22 of 3rd period - Wrist shot by Alex Ovechkin.
0:22 of 3rd period - Shot Misses the Net.
0:24 of 3rd period - Backhand shot by John Carlson.
0:24 of 3rd period - Deflect By Phillip Danault.
0:24 of 3rd period - Stopped by Marc-Andre Fleury with a rebound.
0:26 of 3rd period - Wrist shot by Jason Robertson.
0:26 of 3rd period - Stopped by Marc-Andre Fleury with a rebound.
0:28 of 3rd period - Wrist shot by John Carlson.
0:28 of 3rd period - Stopped by Marc-Andre Fleury with a rebound.
0:30 of 3rd period - Snap shot by Alex Ovechkin.
0:30 of 3rd period - Shot Misses the Net.
1:06 of 3rd period - Wrist shot by Leon Draisaitl.
1:06 of 3rd period - Shot Blocked by Dylan DeMelo.
1:08 of 3rd period - Snap shot by Leon Draisaitl.
1:08 of 3rd period - Deflect By Erik Cernak.
1:08 of 3rd period - Shot Misses the Net.
1:08 of 3rd period - Puck is out of play.
1:09 of 3rd period - Phillip Danault wins face-off versus Brayden Point in Washington Capitals zone.
1:10 of 3rd period - Snap shot by Sam Reinhart.
1:10 of 3rd period - Stopped by Jake Oettinger with a rebound.
2:28 of 3rd period - Tom Wilson is hit by Ian Cole and loses puck.
3:25 of 3rd period - Wrist shot by Jordan Kyrou.
3:25 of 3rd period - Stopped by Marc-Andre Fleury with a rebound.
3:29 of 3rd period - Wrist shot by Jordan Kyrou.
3:29 of 3rd period - Shot Blocked by Mattias Ekholm.
3:31 of 3rd period - Slapshot by David Savard.
3:31 of 3rd period - Stopped by Marc-Andre Fleury with a rebound.
4:38 of 3rd period - Tom Wilson is hit by Dominik Kubalik and loses puck.
4:49 of 3rd period - Nico Hischier is hit by Sam Reinhart and loses puck.
5:15 of 3rd period - Drake Batherson is hit by Ryan Johansen and loses puck.
5:40 of 3rd period - Mitchell Marner is hit by Jason Robertson and loses puck.
6:01 of 3rd period - Erik Gudbranson is hit by David Savard and loses puck.
6:19 of 3rd period - Wrist shot by Anders Lee.
6:19 of 3rd period - Shot Misses the Net.
6:37 of 3rd period - Off-side.
6:38 of 3rd period - Isac Lundestrom wins face-off versus Mitchell Marner in neutral zone.
7:24 of 3rd period - Wrist shot by Patrick Kane.
7:24 of 3rd period - Shot Blocked by Ryan Johansen.
7:30 of 3rd period - Ryan Suter is hit by Ian Cole.
8:06 of 3rd period - Wrist shot by Leon Draisaitl.
8:06 of 3rd period - Shot Misses the Net.
8:08 of 3rd period - Slapshot by Erik Gudbranson.
8:08 of 3rd period - Stopped by Jake Oettinger without a rebound.
8:09 of 3rd period - Jean-Gabriel Pageau wins face-off versus Isac Lundestrom in Washington Capitals zone.
8:44 of 3rd period - Wrist shot by Leon Draisaitl.
8:44 of 3rd period - Shot Blocked by Erik Cernak.
8:46 of 3rd period - Slapshot by Erik Karlsson.
8:46 of 3rd period - Shot Blocked by Owen Tippett.
8:48 of 3rd period - Wrist shot by Erik Karlsson.
8:48 of 3rd period - Shot Blocked by Erik Cernak.
9:06 of 3rd period - Icing by Owen Tippett.
9:07 of 3rd period - Phillip Danault wins face-off versus Isac Lundestrom in Washington Capitals zone.
9:45 of 3rd period - Icing by Colton Sissons.
9:46 of 3rd period - Brayden Point wins face-off versus Colton Sissons in Pittsburgh Penguins zone.
10:07 of 3rd period - Wrist shot by Gabriel Vilardi.
10:07 of 3rd period - Stopped by Jake Oettinger without a rebound.
10:08 of 3rd period - Sam Reinhart wins face-off versus Nico Hischier in Washington Capitals zone.
10:09 of 3rd period - Wrist shot by Pavel Buchnevich.
10:09 of 3rd period - Stopped by Jake Oettinger with a rebound.
10:20 of 3rd period - Sam Reinhart is hit by Patrick Kane and loses puck.
11:01 of 3rd period - Erik Karlsson is hit by Cody Glass and loses puck.
11:24 of 3rd period - Slapshot by Colton Sissons.
11:24 of 3rd period - Shot Hit the Post.
12:02 of 3rd period - Snap shot by Cody Glass.
12:02 of 3rd period - Shot Blocked by Brian Dumoulin.
12:04 of 3rd period - Snap shot by Erik Cernak.
12:04 of 3rd period - Deflect By Dominik Kubalik.
12:04 of 3rd period - Shot Misses the Net.
12:04 of 3rd period - Puck is out of play.
12:05 of 3rd period - Cody Glass wins face-off versus Ryan Johansen in Pittsburgh Penguins zone.
12:38 of 3rd period - Minor Penalty to David Savard for Tripping.
12:39 of 3rd period - Nico Hischier wins face-off versus Mitchell Marner in Washington Capitals zone.
13:10 of 3rd period - Brad Marchand is hit by Anders Lee.
14:38 of 3rd period - Penalty to David Savard is over, David Savard is back on ice.
14:53 of 3rd period - Slapshot by Tom Wilson.
14:53 of 3rd period - Shot Misses the Net.
14:55 of 3rd period - Backhand shot by Gabriel Vilardi.
14:55 of 3rd period - Shot Misses the Net.
14:57 of 3rd period - Slapshot by Erik Gudbranson.
14:57 of 3rd period - Stopped by Jake Oettinger without a rebound.
14:58 of 3rd period - Brayden Point wins face-off versus Colton Sissons in Washington Capitals zone.
15:21 of 3rd period - Minor Penalty to Tom Wilson for Slashing.
15:22 of 3rd period - Brayden Point wins face-off versus Jean-Gabriel Pageau in Pittsburgh Penguins zone.
17:21 of 3rd period - Penalty to Tom Wilson is over, Tom Wilson is back on ice.
18:00 of 3rd period - Nick Jensen is hit by Ryan Suter.
18:55 of 3rd period - Pittsburgh Penguins, Marc-Andre Fleury is pulled from the net.
19:01 of 3rd period - Wrist shot by Pavel Buchnevich.
19:01 of 3rd period - Stopped by Jake Oettinger with a rebound.
19:07 of 3rd period - Slapshot by Mitchell Marner.
19:07 of 3rd period - Stopped by Jake Oettinger with a rebound.
19:25 of 3rd period - Wrist shot by Owen Tippett.
19:25 of 3rd period - Goal by Owen Tippett - Washington Capitals : 5 - Pittsburgh Penguins : 3.
19:25 of 3rd period - Marc-Andre Fleury from Pittsburgh Penguins was sent back in the game.
19:26 of 3rd period - Ryan Johansen wins face-off versus Jordan Kyrou in neutral zone.
19:35 of 3rd period - Slapshot by Erik Karlsson.
19:35 of 3rd period - Deflect By Ryan Johansen.
19:35 of 3rd period - Shot Misses the Net.
19:35 of 3rd period - Puck is out of play.
19:36 of 3rd period - Ryan Johansen wins face-off versus Jordan Kyrou in Washington Capitals zone.
19:42 of 3rd period - Minor Penalty to David Savard for Holding.
19:43 of 3rd period - Nico Hischier wins face-off versus Leon Draisaitl in Washington Capitals zone.
Goals for this period are 1 for Washington Capitals vs 0 for Pittsburgh Penguins.
Shots for this period are 7 for Washington Capitals vs 7 for Pittsburgh Penguins.
Back to the Top